 Dungeon Crawl Stone Soup version 0.31-a0-435-g2c6fae2916 (webtiles) character file.

Game seed: 3915395947232915011

91 Maxmaps the Insei (level 4, 0/31 HPs)
             Began as an Octopode Monk on Aug 2, 2023.
             Killed by divine providence
             ... invoked by an orc priest
              (16 damage)
             ... on level 3 of the Dungeon.
             The game lasted 00:02:03 (1518 turns).

Maxmaps the Insei (Octopode Monk)                   Turns: 1518, Time: 00:02:05

Health: 0/31       AC:  1    Str: 10    XL:     4   Next: 59%
Magic:  4/4        EV: 14    Int: 14    God:
Gold:   155        SH:  0    Dex: 14    Spells: 3/3 levels left

rFire   . .          .
                       - Unarmed
rCold   . . .        (no shield)
rNeg    . . .        (helmet restricted)
rPois   .            (no amulet)
rElec   .            (no ring)
rCorr   .            (no ring)
SInv    .            (no ring)
Will    .....        (no ring)
Stlth   ++++         (no ring)
HPRegen 0.25/turn    (no ring)
MPRegen 0.09/turn    (no ring)
                     (no ring)

%: no passive effects
@: no status effects
A: almost no armour, amphibious, 8 rings, camouflage 1, gelatinous body 1,
(nimble swimmer 1), tentacles
a: no special abilities


You were on level 3 of the Dungeon.
You visited 1 branch of the dungeon, and saw 3 of its levels.

You collected 155 gold pieces.

Inventory:

Armour
 c - an orb of light
Scrolls
 b - a scroll of fear {unknown}
 d - a scroll of identify {unknown}
 e - 4 scrolls of blinking {unknown}
 f - a scroll of noise {unknown}
 g - 2 scrolls of fog {unknown}
 h - a scroll of enchant weapon {unknown}
 j - a scroll of teleportation {unknown}


   Skills:
 - Level 3.0 Fighting
 - Level 3.0 Dodging
 - Level 4.0 Stealth
 + Level 4.2 Unarmed Combat


You had 3 spell levels left.
You didn't know any spells.
Your spell library contained the following spells:

 Spells                   Type           Power      Damage    Failure   Level
 Magic Dart               Conj           0%         1d3       28%         1
 Call Imp                 Summ           0%         N/A       41%         2
 Mephitic Cloud           Conj/Pois/Air  0%         N/A       65%         3


Dungeon Overview and Level Annotations

Branches:
Dungeon (3/15)

Altars:

Shops:
D:1 ?


Innate Abilities, Weirdness & Mutations

You cannot wear most types of armour.
You are amphibious.
You can wear up to eight rings at the same time.
Your skin changes colour to match your surroundings (Stealth+).
Your rubbery body absorbs attacks. (AC +1, EV +1)
((You are camouflaged when in or above water. (Stealth+)))
You have tentacles for arms and can constrict up to eight enemies at once.


Message History

The orc attacks as you move away! The orc hits you with a +0 dagger.
The orc hits you with a +0 dagger. x2
The orc attacks as you move away! The orc closely misses you.
You bump into the rock wall.
You feel less confused. The orc hits you with a +0 dagger.
* * * LOW HITPOINT WARNING * * *
Something hits you.
* * * LOW HITPOINT WARNING * * *
The orc barely misses you. The orc attacks as you move away!
The orc hits you with a +0 dagger.
* * * LOW HITPOINT WARNING * * *
You are confused.
You feel invigorated. Something hits you.
* * * LOW HITPOINT WARNING * * *
You see here a +0 hand axe.
You feel less invigorated.
You feel less confused. The orc attacks as you move away! The orc misses you.
The orc attacks as you move away! The orc closely misses you.
It was a potion of curing.
You feel better. The orc barely misses you.
You closely miss the orc. Your grab misses the orc.
The orc hits you with a +0 dagger.
You tentacle-slap the orc but do no damage.
You grab the orc. You squeeze the orc.
The orc is lightly wounded.
You constrict the orc, but do no damage.
The orc hits you with a +0 dagger.
You tentacle-slap the orc but do no damage.
The orc is lightly wounded.
You constrict the orc, but do no damage.
The orc hits you with a +0 dagger.
You tentacle-slap the orc but do no damage.
The orc is lightly wounded.
You constrict the orc. The orc closely misses you.
The orc priest calls down the wrath of Beogh upon you.
Beogh smites you!
Ouch! That really hurt!
You die...

#.# #.# #.#
#.# #.# #>#
####.# #....#
#.#### #.# #.#
### #@# ..#
#o# #.# #{#
#.# #o#
###.###o#
#..!..#o#
####.....#.#
#...)).o...#
.....#.....###


You could see an orc priest and 3 orcs.

Vanquished Creatures
  An orc wizard (D:3)
  2 adders (D:2)
  2 orcs (D:3)
  7 endoplasms
  5 giant cockroaches
  5 hobgoblins
  5 ball pythons (D:1)
  6 bats
  4 frilled lizards
  4 goblins
  A kobold (D:3)
  A rat (D:2)
43 creatures vanquished.

Notes
Turn   | Place    | Note
-------+----------+-------------------------------------------
     0 | D:1      | Maxmaps the Octopode Monk began the quest for the Orb.
     0 | D:1      | Reached XP level 1. HP: 16/16 MP: 1/1
   194 | D:1      | Reached skill level 1 in Stealth
   266 | D:1      | Found Hanimublu's Magic Scroll Shop.
   280 | D:1      | Reached XP level 2. HP: 17/21 MP: 2/2
   638 | D:1      | Reached XP level 3. HP: 19/26 MP: 3/3
  1385 | D:3      | Reached XP level 4. HP: 23/31 MP: 4/4
  1518 | D:3      | Killed from afar by an orc priest

Illustrated notes

Levels and vault maps discovered:
D:1:      roderic_crop_circles_arrival_small, layout_basic, serial_shops, shop,
          hangedman_decor_diamond_cutter
D:2:      layout_loops_ring, minmay_misc_feat_rows
D:3:      layout_loops_ring, pdpol_temple_overflow_zin_treasury_gozag_greed

Skill      XL: |  1  2  3  4 |
---------------+-------------+-----
Stealth        | 2 3 4 |  4.0
Unarmed Combat | 4 |  4.2
Fighting       | |  3.0
Dodging        | |  3.0

Action                     |  1- 3 |  4- 6 || total
---------------------------+-------+-------++-------
  Melee: Unarmed           |   107 |    19 ||   126
         Constrict         |    35 |     5 ||    40
         Tentacles         |    14 |     5 ||    19
         Punch             |     3 |       ||     3
    Use: Potion            |       |     2 ||     2
   Stab: Sleeping          |    18 |     3 ||    21
 Armour: Skin              |     5 |       ||     5
  Dodge: Dodged            |    32 |    13 ||    45

Table legend: (Time is in decaauts)
 A = Elapsed time spent in this place.
 B = Non-inter-level travel time spent in this place.
 C = Inter-level travel time spent in this place.
 D = Time resting spent in this place.
 E = Time spent auto-exploring this place.
 F = Levels seen in this place.
 G = Mean time per level.
                   A        B        C        D        E       F      G
               +--------+--------+--------+--------+--------+-----+--------+
         Total |   1510 |   1441 |     69 |     31 |   1044 |   3 |  503.3 |
       Dungeon |   1510 |   1441 |     69 |     31 |   1044 |   3 |  503.3 |
               +--------+--------+--------+--------+--------+-----+--------+

Top non-repeatable levels by time:
     D:1: 756 daAuts
     D:2: 598 daAuts
     D:3: 155 daAuts
